 Dungeon Crawl Stone Soup version 0.31-a0-819-gf6de2f5ab6 (webtiles) character file.

Game seed: 4863238229181437221

67 qw the Shooter (level 4, -7/28 HPs)
             Began as a Gargoyle Hunter on Sept 23, 2023.
             Mangled by Sigmund
             ... wielding a +0 scythe
              (9 damage)
             ... on level 3 of the Dungeon.
             The game lasted 00:00:32 (1247 turns).

qw the Shooter (Gargoyle Hunter)                    Turns: 1247, Time: 00:00:33

Health: -7/28      AC:  8    Str: 15    XL:     4   Next: 18%
Magic:  4/4        EV: 11    Int:  9    God:
Gold:   90         SH:  0    Dex: 15    Spells: 3/3 levels left

rFire   . . .        Y - +0 shortbow
rCold   . . .        (shield currently unavailable)
rNeg    + . .        e - +0 ring mail
rPois   inf          (no helmet)
rElec   +            d - scarf {repulsion}
rCorr   .            (no gloves)
SInv    +            (no boots)
Will    .....        (no amulet)
Stlth   +            b - ring of see invisible
HPRegen 0.24/turn    (no ring)
MPRegen 0.09/turn

%: repel missiles
@: no status effects
A: sickness immunity, AC +3, negative energy resistance 1, electricity
resistance, torment resistance 1, petrification resistance
a: no special abilities


You were on level 3 of the Dungeon.
You visited 1 branch of the dungeon, and saw 3 of its levels.

You collected 90 gold pieces.


Innate Abilities, Weirdness & Mutations

You are immune to sickness and miasma.
Your stone body is resilient. (AC +3)
You are immune to poison.
You resist negative energy. (rN+)
You are resistant to electric shocks. (rElec)
You are resistant to unholy torment.
You are immune to petrification.


   Skills:
 - Level 3.0 Fighting
 + Level 5.1 Ranged Weapons
 - Level 1.0 Armour
 - Level 1.5 Dodging
 - Level 1.1 Stealth


You had 3 spell levels left.
You didn't know any spells.
Your spell library was empty.

Inventory:

Hand Weapons
 Y - a +0 shortbow (weapon)
Armour
 d - a scarf of repulsion (worn)
 e - a +0 ring mail (worn)
Jewellery
 b - a ring of see invisible (left hand)
Scrolls
 a - a scroll of identify
 c - a scroll of enchant weapon {unknown}
Potions
 g - a potion of haste
 h - a potion of berserk rage {unknown}

Dungeon Overview and Level Annotations

Branches:
Dungeon (3/15)

Altars:

Shops:
D:1 =

Annotations:
D:3 Sigmund


Message History

Sigmund points at you and mumbles some strange words.
The magic dart hits you but does no damage.
The endoplasm freezes you.
You are frozen.
Sigmund barely misses you.
You shoot an arrow.
The arrow hits the endoplasm but does no damage.
The endoplasm is severely wounded.
The endoplasm freezes you.
You are frozen.
You shoot an arrow. The arrow hits the endoplasm.
The endoplasm is almost dead.
Sigmund casts a spell at you. You resist with some effort.
The endoplasm hits you but does no damage. x2
Sigmund hits you from afar with a +0 scythe.
You shoot an arrow. The arrow hits the endoplasm.
You kill the endoplasm!
You shoot an arrow. The arrow hits Sigmund.
Sigmund is moderately wounded.
Sigmund hits you but does no damage.
You shoot an arrow. The arrow hits Sigmund.
Sigmund is heavily wounded.
Sigmund hits you from afar with a +0 scythe.
You shoot an arrow. The arrow barely misses Sigmund.
Sigmund barely misses you.
You shoot an arrow. The arrow closely misses Sigmund.
Sigmund closely misses you.
You shoot an arrow. The arrow completely misses Sigmund.
Sigmund casts a spell at you.
You are confused.
Sigmund laughs darkly.
Sigmund gestures at you while chanting. The magic dart hits you.
Sigmund closely misses you.
Sigmund hits you from afar with a +0 scythe.
Sigmund hits you from afar with a +0 scythe.
You feel less confused.
Sigmund hits you from afar with a +0 scythe!
You die...
Sigmund begins carving another notch in his scythe.

..... ..#..
......# ..#...
....... .......
#.. ...##..#....
#.# ..........
#.# #.....#.#.
#.# #..........
#.#####..#.#...#
#.......@.@.....
#.######...###.#
#.# #...#
###'######..##
#.......##...
#.............
#........##....
#......).# .....
#........#


You could see Sigmund.

Vanquished Creatures
  2 adders (D:2)
  2 dart slugs
  An orc (D:3)
  3 bats (D:2)
  5 endoplasms
  3 giant cockroaches
  7 goblins
  A hobgoblin (D:1)
  4 jackals (D:2)
  2 quokkas (D:1)
  3 ball pythons (D:2)
  2 frilled lizards
  A kobold (D:1)
  3 rats
39 creatures vanquished.

Notes
Turn   | Place    | Note
-------+----------+-------------------------------------------
     0 | D:1      | qw the Gargoyle Hunter began the quest for the Orb.
     0 | D:1      | Reached XP level 1. HP: 12/12 MP: 1/1
     0 | D:1      | 0 ||| qw: Version: 0.3-a-83-gcd0e7d8
     0 | D:1      | 0 ||| qw: Game counter: 1484
     0 | D:1      | 0 ||| qw: Melee chars always use a shield: true
     0 | D:1      | 0 ||| qw: God list: Okawaru
     0 | D:1      | 0 ||| qw: Allow faded altars: false
     0 | D:1      | 0 ||| qw: Do Orc after clearing Dungeon:15 true
     0 | D:1      | 0 ||| qw: Do second Lair branch before Depths: true
     0 | D:1      | 0 ||| qw: Lair rune preference: random
     0 | D:1      | 0 ||| qw: Goals: Normal
     0 | D:1      | 0 ||| PLANNING D:1-11
    90 | D:1      | Found Xiuw's Jewellery Shoppe.
    96 | D:1      | 96 ||| SHOPLISTING +6 ring of dexterity (468 gold, have
                  | 24).
    96 | D:1      | 96 ||| SHOPLISTING amulet of reflection (390 gold, have
                  | 24).
    96 | D:1      | 96 ||| SHOPLISTING amulet of the acrobat (390 gold, have
                  | 24).
    96 | D:1      | 96 ||| SHOPLISTING ring of resist corrosion (260 gold, have
                  | 24).
    96 | D:1      | 96 ||| SHOPLISTING ring of see invisible (195 gold, have
                  | 24).
   175 | D:1      | Reached XP level 2. HP: 17/17 MP: 2/2
   449 | D:1      | 449 ||| UPGRADING to scarf of repulsion.
   454 | D:1      | 454 ||| UPGRADING to +0 ring mail.
   464 | D:1      | 464 ||| DROPPING +0 leather armour.
   465 | D:1      | 465 ||| READING 2 scrolls labelled HOUNOYGHOD.
   466 | D:1      | 466 ||| DROPPING scroll of butterflies.
   557 | D:2      | Reached skill level 1 in Armour
   610 | D:2      | Reached XP level 3. HP: 21/21 MP: 3/3
   693 | D:2      | Reached skill level 5 in Ranged Weapons
   797 | D:2      | Reached XP level 4. HP: 27/27 MP: 4/4
   950 | D:2      | Reached skill level 3 in Fighting
  1143 | D:2      | 1143 ||| UPGRADING to ring of see invisible.
  1144 | D:2      | 1144 ||| READING 2 scrolls labelled HULAKIBOYS.
  1145 | D:2      | 1145 ||| READING scroll labelled HYCSASIAPP.
  1146 | D:2      | 1146 ||| READING 2 scrolls of identify.
  1146 | D:2      | 1146 ||| IDENTIFYING coppery potion
  1147 | D:2      | 1147 ||| DROPPING scroll of vulnerability.
  1223 | D:3      | Noticed Sigmund
  1244 | D:3      | HP: 7/28 [Sigmund/+0 scythe (6)]
  1245 | D:3      | HP: 2/28 [Sigmund/+0 scythe (5)]
  1247 | D:3      | Mangled by Sigmund

Levels and vault maps discovered:
D:1:      lightli_arrival_boilingwater, layout_rooms, serial_rivers,
          chequers_serial_rivers_micro_c, chequers_serial_rivers_large_a,
          chequers_serial_rivers_micro_b, chequers_serial_rivers_micro_c,
          serial_shops, nicolae_shop_trees, feat_on_display
D:2:      layout_loops_ring
D:3:      layout_basic, hellmonk_ecumenical_altar_blasted, uniq_sigmund,
          uniq_jessica, uniq_robin

Skill      XL: |  1  2  3  4 |
---------------+-------------+-----
Armour         | 1 |  1.0
Ranged Weapons | 5 |  5.1
Fighting       | 3 |  3.0
Dodging        | |  1.5
Stealth        | |  1.1

Action                     |  1- 3 |  4- 6 || total
---------------------------+-------+-------++-------
   Fire: Shortbow          |    91 |    38 ||   129
    Use: Scroll            |     1 |     3 ||     4
 Armour: Leather armour    |     5 |       ||     5
         Ring mail         |    40 |    17 ||    57
  Dodge: Dodged            |    42 |    11 ||    53
         Repelled          |     1 |       ||     1

Table legend:
 A = Non-vault XP
 B = Vault XP
 C = Vault XP percentage of total XP
 D = Non-vault monster count
 E = Vault monster count
 F = Vault count percentage of total count
                 A         B        C        D         E       F
            +---------+---------+-------+---------+---------+-------
      Total |      97 |       0 |   0.0 |      39 |       0 |   0.0
            +---------+---------+-------+---------+---------+-------
        D:1 |      22 |       0 |   0.0 |      11 |       0 |   0.0
        D:2 |      65 |       0 |   0.0 |      23 |       0 |   0.0
        D:3 |      10 |       0 |   0.0 |       5 |       0 |   0.0
            +---------+---------+-------+---------+---------+-------
